 Dungeon Crawl Stone Soup version 0.29-a0-700-g2f1814c7b2 (webtiles) character file.

Game seed: 2217493788077745196

414 Shayle the Grasshopper (level 6, -5/50 HPs)
             Began as a Demigod Warper on June 25, 2022.
             Slain by an ogre
             ... wielding a +0 giant club
              (23 damage)
             ... on level 4 of the Dungeon.
             The game lasted 00:10:50 (4779 turns).

Shayle the Grasshopper (Demigod Warper)             Turns: 4779, Time: 00:10:51

Health: -5/50      AC:  4    Str: 11 (12) XL:     6   Next: 33%
Magic:  13/13      EV: 16    Int: 22 (23) God:
Gold:   537        SH:  0    Dex: 13      Spells: 10/10 levels left

rFire   . . .      SeeInvis .   y - +2 short sword (venom)
rCold   . . .      Faith    .   (no shield)
rNeg    . . .      Spirit   .   a - +0 leather armour
rPois   .          Reflect  .   (no helmet)
rElec   .          Harm     .   (no cloak)
rCorr   +          Rampage  .   (no gloves)
Will    .....                   v - +2 pair of boots
Stlth   +.........              (no amulet)
HPRegen 0.16/turn               g - +4 ring of evasion
MPRegen 0.13/turn               x - ring of resist corrosion

@: no status effects
A: high MP 1, forlorn, divine attributes, deformed body, deterioration 2,
screaming 1
a: no special abilities


You were on level 4 of the Dungeon.
You visited 1 branch of the dungeon, and saw 5 of its levels.
You also visited: Ossuary.

You collected 537 gold pieces.

Inventory:

Hand Weapons
 w - the +3 whip "Ysac" {flame, rElec rCorr Int-4 Stlth+}
   (You found it on level 3 of the Dungeon)

   It burns those it strikes, dealing additional fire damage.
   Int:       It affects your intelligence (-4).
   rElec:     It insulates you from electricity.
   rCorr:     It protects you from acid and corrosion.
   Stlth:     It makes you more stealthy.
 y - a +2 short sword of venom (weapon)
Missiles
 n - 6 javelins (quivered)
 q - 3 atropa-tipped darts
Armour
 a - a +0 leather armour (worn)
 v - a +2 pair of boots (worn)
Jewellery
 g - a +4 ring of evasion (left hand)
 h - a ring of willpower
 x - a ring of resist corrosion (right hand)
Wands
 f - a wand of flame (12)
Scrolls
 b - a scroll of blinking
 d - 2 scrolls of noise
 e - a scroll of fear {unknown}
 i - a scroll of poison {unknown}
 j - 3 scrolls of enchant armour
 k - 2 scrolls of brand weapon {unknown}
 m - 4 scrolls of teleportation
 o - a scroll of amnesia {unknown}
 p - a scroll of vulnerability {unknown}
 s - a scroll of summoning {unknown}
Potions
 l - a potion of brilliance
 r - a potion of mutation


   Skills:
 + Level 2.8 Fighting
 + Level 2.3 Throwing
 + Level 2.3 Armour
 + Level 2.9 Dodging
 + Level 2.8 Unarmed Combat
 + Level 2.7 Spellcasting
 + Level 3.6 Translocations


You had 10 spell levels left.
You didn't know any spells.
Your spell library contained the following spells:

 Spells                   Type           Power      Damage    Failure   Level
 Blink                    Tloc           38%        N/A       5%          2
 Gell's Gravitas          Tloc           19%        N/A       11%         3
 Lesser Beckoning         Tloc           19%        N/A       11%         3
 Teleport Other           Tloc           19%        N/A       11%         3
 Slow                     Hex            12%        N/A       17%         1
 Confusing Touch          Hex            3%         N/A       45%         3
 Dazzling Flash           Conj/Hex       6%         N/A       45%         3
 Vampiric Draining        Necr           3%         2d6       45%         3
 Manifold Assault         Tloc           19%        N/A       71%         5
 Agony                    Necr           3%         N/A       99%         5
 Silence                  Hex/Air        1%         N/A       99%         5


Dungeon Overview and Level Annotations

Branches:
Dungeon (5/15)            Ossuary (visited)
 Temple: D:4-7

Annotations:
D:2 1 runed translucent door, Crazy Yiuf


Innate Abilities, Weirdness & Mutations

You have an increased reservoir of magic. (+10% MP)
You shall have no god before yourself.
Your divine heritage dramatically boosts your attributes as you level up.
Armour fits poorly on your strangely shaped body.
Your body often deteriorates upon taking damage.
You occasionally shout uncontrollably at your foes.


Message History

You open the door.
There is an open door here.
There is a stone staircase leading down here.
Partly explored, can't reach some places.
As you read the scroll of identify, it crumbles to dust.
j - 3 scrolls of enchant armour
Okay, then.
Partly explored, can't reach some places.
(D) Dungeon
Where to? (Enter - D:4, ? - help)
There is a stone staircase leading down here.
You climb downwards.
The ogre shouts!
Found a leather armour, 34 gold pieces, a helmet and a glowing bronze ring.
There is a stone staircase leading up here.
There are monsters nearby!
The ogre barely misses you.
You climb upwards.
There is a stone staircase leading down here.
You hit the ogre.
The ogre is lightly wounded.
You hit the ogre.
The ogre is moderately wounded.
The ogre misses you.
You barely miss the ogre. You punch the ogre.
The ogre is moderately wounded.
You barely miss the ogre. You punch the ogre, but do no damage.
The ogre is moderately wounded.
The ogre hits you with a +0 giant club!!
Your body deteriorates!
You feel dopey.
You hit the ogre.
The ogre is moderately wounded.
The ogre hits you with a +0 giant club!
You barely miss the ogre.
The ogre is moderately wounded.
Okay, then.
Your +2 short sword of venom begins to drip with poison!
y - a +2 short sword of venom (weapon)
The ogre hits you with a +0 giant club!!
You die...

##.###..##...............
###...##...................
##.......)..................
#....##.#.............####..
###..#.##............####..#
##.......##.......## #...#
#....#....###.#..## ###.#
#....#.....####### #..
###..###O@## #.. #### ####
#.. ### #


You could see an ogre.

Vanquished Creatures
  A water moccasin (D:4)
  An elf zombie (Ossuary)
  A centaur zombie (Ossuary)
  2 hounds (D:4)
  2 mummies (Ossuary)
  5 adders
  A worm (D:2)
  A dart slug (D:3)
  An orc (D:4)
  4 endoplasms
  A giant cockroach (D:2)
  8 goblins
  6 hobgoblins
  8 jackals
  4 kobolds
  A quokka (D:1)
  6 ball pythons
  5 bats
  2 frilled lizards
  5 gnoll zombies (Ossuary)
  2 goblin zombies (Ossuary)
  2 hobgoblin zombies (Ossuary)
  3 orc zombies (Ossuary)
  7 rats
79 creatures vanquished.

Notes
Turn   | Place    | Note
-------+----------+-------------------------------------------
     0 | D:1      | Shayle the Demigod Warper began the quest for the Orb.
     0 | D:1      | Reached XP level 1. HP: 17/17 MP: 5/5
   173 | D:1      | Reached skill level 1 in Throwing
   173 | D:1      | Reached skill level 1 in Armour
   223 | D:1      | Reached XP level 2. HP: 17/24 MP: 7/7
  1076 | D:2      | Reached skill level 3 in Translocations
  1076 | D:2      | Reached XP level 3. HP: 21/29 MP: 8/8
  1843 | D:2      | Found a runed translucent door.
  1844 | D:2      | Noticed Crazy Yiuf
  2966 | D:3      | Reached XP level 4. HP: 35/36 MP: 9/9
  3082 | D:3      | Identified the +3 whip "Ysac" {flame, rElec rCorr Int-4
                  | Stlth+}
  3501 | D:4      | Noticed a water moccasin
  3534 | D:4      | Killed a water moccasin
  3535 | D:4      | Reached XP level 5. HP: 11/42 MP: 11/11
  3547 | D:4      | Gained mutation: You have hidden genetic defects. [potion
                  | of mutation]
  3547 | D:4      | Gained mutation: You occasionally shout uncontrollably at
                  | your foes. [potion of mutation]
  3547 | D:4      | Gained mutation: Your body sometimes deteriorates upon
                  | taking damage. [potion of mutation]
  3626 | D:4      | Found a sand-covered staircase.
  3630 | Ossuary  | Entered an ossuary
  3701 | Ossuary  | Gained mutation: Your body often deteriorates upon taking
                  | damage. [hidden defects]
  3840 | Ossuary  | Reached XP level 6. HP: 23/50 MP: 13/13
  3840 | Ossuary  | Gained mutation: Armour fits poorly on your strangely
                  | shaped body. [hidden defects]
  3840 | Ossuary  | Lost mutation: You have hidden genetic defects. [hidden
                  | defects expressed]
  4732 | D:4      | Noticed a spectral ugly thing
  4732 | D:4      | Noticed a titan simulacrum
  4768 | D:5      | Entered Level 5 of the Dungeon
  4779 | D:4      | Slain by an ogre

Illustrated notes

Levels and vault maps discovered:
D:1:      dpeg_arrival_chambers_temple_mockup, layout_rooms,
          dreamdust_ecumenical_altar_statues
D:2:      layout_basic, uniq_crazy_yiuf_cottage
D:3:      layout_basic, eat_drink_and_be_merry_uskayaw
D:4:      layout_cave_pools, regret_index_temple_of_mockery,
          mainiacjoe_overflow_boulevard, mainiacjoe_overflow_cross_hatched,
          nicolae_ossuary_entry_plus, saegor_snake_ambush
D:5:      layout_rooms, minmay_temple_entry_drinking_statues, hex_medium,
          dk_rats_in_the_wall

Skill      XL: |  1  2  3  4  5 |
---------------+----------------+-----
Throwing       | 1 2 |  2.3
Armour         | 1 2 |  2.3
Unarmed Combat | 2 |  2.8
Fighting       | 2 |  2.8
Dodging        | 2 |  2.9
Spellcasting   | 2 |  2.7
Translocations | 3 |  3.6

Action                   |  1- 3 |  4- 6 || total
-------------------------+-------+-------++-------
Melee: Unarmed           |   226 |   272 ||   498
       Punch             |     4 |     9 ||    13
Throw: Dart              |       |     2 ||     2
       Boomerang         |       |     7 ||     7
       Javelin           |       |     4 ||     4
  Use: Scroll            |     4 |     2 ||     6
       Potion            |     1 |     5 ||     6
 Stab: Sleeping          |     1 |       ||     1
       Invisible         |       |     3 ||     3
Armor: Leather armour    |    51 |    54 ||   105
       Skin              |     1 |       ||     1
Dodge: Dodged            |   167 |   250 ||   417

Table legend: (Time is in decaauts)
 A = Elapsed time spent in this place.
 B = Non-inter-level travel time spent in this place.
 C = Inter-level travel time spent in this place.
 D = Time resting spent in this place.
 E = Time spent auto-exploring this place.
 F = Levels seen in this place.
 G = Mean time per level.
                   A        B        C        D        E       F      G
               +--------+--------+--------+--------+--------+-----+--------+
         Total |   4788 |   4654 |    134 |   1414 |   1897 |   6 |  798.0 |
       Dungeon |   4188 |   4054 |    134 |   1137 |   1897 |   5 |  837.6 |
       Ossuary |    600 |    600 |      0 |    277 |      0 |   1 |  600.0 |
               +--------+--------+--------+--------+--------+-----+--------+

Top non-repeatable levels by time:
     D:3: 1178 daAuts
     D:2: 1157 daAuts
     D:1: 1055 daAuts
     D:4: 792 daAuts
 Ossuary: 600 daAuts
     D:5: 3 daAuts
